Map: Королевская бухта РВ

Players

DarkZephyro

  • Race: Protoss Protoss
  • League: Diamond
  • Spawn Location: 5:00

SoulBurner - Winner!

  • Race: Zerg Zerg
  • League: Diamond
  • Spawn Location: 11:00

VOD

Have the link to the VOD?

Description

Time

  • Played on: March 30, 2019, 3:55 p.m.
  • Length: 15:02
Show
View Real Time Build Order
Export as new Build Order

DarkZephyro Protoss 

Build Orders: 1 Gate Expand, Chargelot Immortal 

Get SALT Encoding   

  12  0:00  Probe  
  13  0:13  Probe  
  14  0:20  Pylon  
  14  0:25  Probe  
  15  0:38  Probe  
  15  0:40  Gateway  
  16  0:46  Probe  
  16  0:49  Assimilator  
  16  0:54  Probe  
  18  1:05  Probe  
  19  1:29  Nexus  
  19  1:40  Cybernetics Core  
  19  1:50  Pylon  
  19  1:51  Probe  
  20  2:03  Probe  
  21  2:09  Assimilator  
  21  2:13  Probe  
  22  2:16  Warp Gate, Adept  
  22  2:21  Probe  
  25  2:32  Probe  
  26  2:38  Gateway  
  26  2:43  Twilight Council  
  26  2:48  Adept  
  28  2:51  Probe  
  28  2:53  Probe  
  30  3:00  Probe  
  30  3:04  Probe  
  31  3:11  Probe, Resonating Glaives  
  32  3:14  Probe  
  32  3:18  Gateway  
  34  3:24  Sentry  
  34  3:26  Adept  
  38  3:27  Probe  
  38  3:32  Probe  
  39  3:39  Probe  
  39  3:41  Probe  
  42  3:50  Gateway  
  42  4:00  Probe x2  
  44  4:08  Gateway  
  44  4:11  Adept  
  44  4:12  Pylon  
  44  4:16  Pylon  
  46  4:30  Pylon  
  46  4:31  Stalker  
  46  4:34  Adept x2  
  52  4:46  Probe x2  
  52  4:51  Robotics Facility  
  54  4:53  Assimilator  
  54  4:55  Probe, Assimilator  
  54  4:58  Probe  
  56  5:04  Probe  
  57  5:10  Probe  
  57  5:11  Shield Battery  
  58  5:14  Adept x2  
  58  5:15  Adept x2  
  66  5:31  Immortal  
  70  5:45  Probe x2  
  70  5:49  Pylon  
  70  5:50  Pylon  
  70  5:59  Charge  
  70  6:03  Immortal  
  62  6:15  Stalker x3  
  62  6:16  Zealot x2  
  76  6:23  Gateway  
  76  6:25  Gateway  
  72  6:40  Zealot x4  
  72  6:42  Probe x2  
  82  6:54  Immortal  
  82  7:01  Robotics Bay  
  86  7:06  Nexus  
  86  7:07  Pylon  
  86  7:08  Pylon  
  86  7:10  Pylon  
  86  7:17  Pylon  
  86  7:22  Pylon x2  
  86  7:25  Probe x2  
  86  7:26  Sentry x2  
  86  7:27  Zealot  
  94  7:30  Zealot x3  
  100  7:37  Probe  
  100  7:40  Immortal  
  100  7:42  Probe  
  106  7:49  Probe, Gravitic Drive, Gateway  
  107  8:02  Pylon  
  107  8:03  Pylon  
  107  8:08  Forge  
  107  8:10  Forge  
  107  8:12  Disruptor  
  107  8:13  Probe x2  
  107  8:16  Sentry x2  
  116  8:25  Probe x2  
  118  8:30  Sentry x2  
  122  8:37  Probe x2  
  124  8:49  Probe x2  
  124  8:50  Protoss Ground Weapons Level 1  
  124  8:51  Stalker x2  
  130  8:55  Disruptor  
  130  9:00  Protoss Ground Armor Level 1  
  130  9:01  Probe  
  134  9:23  Probe x2, Disruptor  
  136  9:29  Zealot x6  
  148  9:33  Assimilator  
  148  9:34  Assimilator  
  148  9:38  Pylon  
  151  9:44  Templar Archives  
  151  9:51  Gateway x2  
  151  9:52  Gateway  
  151  9:53  Gateway  
  151  9:59  Warp Prism  
  111  10:39  Probe x2  
  111  10:41  High Templar x2  
  111  10:42  High Templar x2  
  121  10:44  High Templar x2  
  121  10:48  Archon x3  
  125  11:02  Zealot  
  125  11:03  Zealot x5  
  131  11:21  Protoss Ground Weapons Level 2, Protoss Ground Armor Level 2  
  125  11:26  Zealot x4  
  125  11:27  Zealot x3  
  125  11:50  Zealot x3  
  125  11:51  Zealot x4  
  125  11:57  Adept x2  
  125  11:58  Adept x2  
  127  12:12  Adept x3  
  127  12:13  Adept  
  127  12:14  Zealot x3  
  141  12:24  Stalker  
  141  12:25  Gateway  
  110  12:52  Stalker x2  
  110  12:55  Pylon  
  110  12:56  High Templar x5  
  104  13:12  Immortal  
  104  13:15  Probe x2  
  104  13:17  Stalker  
  104  13:18  Stalker x3  
  110  13:25  Archon x2  
  104  13:28  High Templar  
  104  13:34  Psionic Storm  
  106  13:40  Robotics Facility  
  106  13:43  Probe  
  106  13:48  High Templar x3  
  111  13:49  High Templar x2  
  111  13:50  Nexus  
  111  13:52  Archon x2  
  111  13:53  Pylon  
  111  13:55  Archon  
  101  14:03  Zealot  
  101  14:04  Zealot x5  
  99  14:10  Zealot  
  70  14:25  Zealot x4  
  70  14:26  Zealot x3  
  70  14:31  Zealot x5  
  62  14:46  Zealot x3  
  62  14:47  Zealot x2  
  72  14:56  Zealot x4  
Show
View Real Time Build Order
Export as new Build Order

SoulBurner Zerg - Winner!

Build Orders: Hatch First, Roach Hydra 

Get SALT Encoding   

  12  0:01  Drone  
  13  0:12  Overlord  
  13  0:18  Drone  
  14  0:31  Drone x2  
  16  0:50  Hatchery  
  16  0:53  Drone  
  16  0:56  Drone  
  17  0:59  Drone  
  18  1:10  Extractor  
  17  1:16  Spawning Pool  
  16  1:19  Drone  
  16  1:22  Drone  
  18  1:28  Drone  
  19  1:38  Overlord  
  19  1:49  Drone  
  20  2:02  Queen x2  
  20  2:04  Zergling x4  
  26  2:12  Drone  
  26  2:14  Metabolic Boost  
  27  2:18  Drone  
  27  2:21  Drone  
  29  2:26  Drone  
  30  2:42  Hatchery  
  29  2:46  Drone  
  29  2:48  Overlord, Drone  
  31  2:51  Drone  
  31  2:58  Queen  
  32  3:00  Drone  
  32  3:02  Drone  
  36  3:10  Drone x2  
  38  3:14  Drone  
  38  3:15  Drone  
  38  3:16  Drone  
  38  3:18  Overlord  
  41  3:21  Drone  
  42  3:29  Drone x2  
  44  3:41  Extractor, Drone x2  
  44  3:42  Extractor  
  44  3:54  Zergling x2  
  44  3:55  Zergling x8  
  48  4:01  Drone x2  
  50  4:09  Roach Warren  
  50  4:10  Drone x3  
  50  4:12  Queen  
  50  4:13  Queen  
  50  4:16  Lair  
  56  4:17  Drone  
  56  4:18  Overlord  
  56  4:20  Overlord  
  57  4:40  Drone  
  57  4:44  Drone x5  
  63  4:49  Drone  
  63  4:50  Drone x4  
  63  4:51  Overlord  
  67  5:00  Zergling x2  
  67  5:01  Zergling x2  
  67  5:05  Roach  
  69  5:18  Roach  
  69  5:19  Roach x5  
  81  5:22  Glial Reconstitution  
  78  5:39  Roach  
  78  5:40  Roach x3  
  80  6:02  Roach x2  
  80  6:05  Roach  
  80  6:09  Drone x7  
  82  6:16  Overlord x3  
  82  6:29  Extractor, Drone  
  82  6:30  Drone  
  82  6:31  Extractor  
  82  6:32  Overlord x4  
  79  6:42  Drone  
  79  6:43  Drone x7  
  88  6:47  Drone  
  88  6:54  Queen  
  90  7:03  Drone  
  90  7:04  Drone x4  
  95  7:11  Drone x3  
  95  7:12  Drone x4  
  102  7:21  Drone  
  103  7:24  Extractor  
  100  7:38  Drone x3  
  100  7:39  Hydralisk Den  
  102  7:46  Drone  
  102  7:48  Evolution Chamber x2  
  102  7:49  Hatchery  
  100  7:56  Zergling x22  
  100  7:58  Ravager  
  112  8:00  Overseer  
  112  8:02  Overseer  
  112  8:06  Queen  
  112  8:08  Grooved Spines  
  112  8:11  Hydralisk  
  112  8:12  Hydralisk  
  116  8:13  Hydralisk x7  
  116  8:18  Zerg Missile Weapons Level 1  
  132  8:23  Drone x4  
  136  8:38  Zerg Melee Weapons Level 1, Hydralisk  
  136  8:40  Overlord x5  
  138  8:43  Overlord x3  
  138  8:44  Overlord  
  138  8:49  Extractor  
  138  8:51  Extractor  
  136  8:58  Overlord  
  136  9:00  Drone x4  
  140  9:05  Ravager x4  
  140  9:06  Ravager x8  
  152  9:13  Hydralisk x6  
  152  9:14  Hydralisk  
  166  9:20  Muscular Augments  
  166  9:40  Drone x5  
  166  9:41  Drone x2  
  173  9:57  Infestation Pit  
  150  10:23  Hydralisk x17  
  150  10:24  Hydralisk x4  
  142  10:46  Hive  
  142  10:48  Spire, Hatchery  
  142  10:49  Hydralisk  
  140  10:50  Hydralisk x10  
  160  11:26  Roach x5  
  160  11:27  Roach x13  
  190  11:35  Hydralisk  
  177  11:47  Roach x9  
  177  11:52  Hydralisk x5  
  170  12:05  Hydralisk  
  170  12:06  Hydralisk x6  
  172  12:12  Viper x2  
  174  12:15  Roach  
  174  12:16  Roach x5  
  172  12:40  Roach  
  172  12:41  Roach x13  
  175  12:45  Zergling x10  
  137  13:00  Roach  
  137  13:01  Roach x8  
  140  13:21  Roach x10  
  159  13:27  Drone x5  
  163  13:41  Hydralisk x6  
  164  13:59  Hydralisk  
  164  14:00  Hydralisk x7  
  152  14:10  Hydralisk x5  
  156  14:24  Hydralisk x5  
  154  14:30  Ravager x5  
  165  14:32  Hydralisk, Zergling x2  
  165  14:33  Zergling x4  
Tags
 
Add a new tag
Caveats
  • Supply blocks, unpowered buildings, or Contaminate may cause inaccurate times.
  • Supply counts are checked every 10 seconds.